 Dungeon Crawl Stone Soup version 0.21.0 (webtiles) character file.

728 CatBiscuits the Poker (level 7, -4/61 HPs)
             Began as a Green Draconian Berserker on June 5, 2018.
             Was a Believer of Trog.
             Slain by a worker ant (7 damage)
             ... on level 5 of the Dungeon.
             The game lasted 00:52:03 (4005 turns).

CatBiscuits the Poker (Green Draconian Berserker)   Turns: 4005, Time: 00:52:03

Health: -4/61      AC: -1    Str: 21    XL:     7   Next: 44%
Magic:  7/7        EV: 13    Int:  7    God:    Trog [**....]
Gold:   209        SH:  0    Dex: 11    Spells: 6/6 levels left

rFire    . . .     SeeInvis .   q - +2 trident (freeze)
rCold    . . .     Gourm    .   (no shield)
rNeg     . . .     Faith    .   (armour unavailable)
rPois    +         Spirit   .   (helmet restricted)
rElec    .         Reflect  .   (no cloak)
rCorr    .         Harm     .   x - +0 pair of gloves
MR       .....                  (no boots)
Stlth    ++........             (no amulet)
HPRegen  0.20/turn              (no ring)
MPRegen  0.10/turn              (no ring)

@: corroded, berserk cooldown, slowed, very slow
A: breathe noxious fumes, unfitting armour, poison resistance, cold-blooded, AC
+6
a: Breathe Noxious Fumes, Berserk, Trog's Hand, Burn Spellbooks, Renounce
Religion


You were on level 5 of the Dungeon.
You worshipped Trog.
Trog was pleased with you.
You were full.

You visited 1 branch of the dungeon, and saw 5 of its levels.

You collected 209 gold pieces.

Inventory:

Hand Weapons
 a - a +0 spear
 e - a +0 dagger
 k - a +0 spear
 m - a +2 short sword of speed
 p - a +0 war axe
 q - a +2 trident of freezing (weapon)
 v - a +0 blowgun
Missiles
 h - 28 arrows
 i - 5 poisoned needles
 n - 2 needles of confusion
 w - 2 tomahawks of returning (quivered)
 z - 27 sling bullets
Armour
 j - a cursed -1 robe
 r - a +0 leather armour
 x - a +0 pair of gloves (worn)
Wands
 D - a wand of flame (28)
Scrolls
 c - 6 scrolls of identify {unknown}
 g - 2 scrolls of enchant weapon {unknown}
 l - 2 scrolls of fog {unknown}
 s - 2 scrolls of amnesia {unknown}
 u - a scroll of blinking {unknown}
 y - a scroll of enchant armour {unknown}
 A - a scroll of random uselessness {unknown}
 B - a scroll of remove curse {unknown}
 C - 3 scrolls of teleportation {unknown}
Potions
 d - 2 potions of curing {unknown}
 f - 6 potions of agility {unknown}
 o - a potion of heal wounds {unknown}
 t - a potion of haste {unknown}
Comestibles
 b - 4 rations


   Skills:
 + Level 5.1 Fighting
 + Level 6.6 Polearms
 + Level 4.3 Dodging
 + Level 2.1 Stealth


You had 6 spell levels left.
You didn't know any spells.

Dungeon Overview and Level Annotations

Branches:
Dungeon (5/15)
 Temple: D:4-7

Altars:
Trog

Annotations:
D:2 Robin


Innate Abilities, Weirdness & Mutations

You can breathe blasts of noxious fumes.
Your lurid green scales are hard. (AC +6)
You cannot fit into any form of body armour.
Your system is resistant to poisons. (rPois)
You are cold-blooded and may be slowed by cold attacks.


Message History

The hound skeleton barely misses you.
You barely miss the worker ant.
The hound skeleton completely misses you.
The worker ant completely misses you. The hound skeleton bites you.
* * * LOW HITPOINT WARNING * * *
The worker ant barely misses you. The hound skeleton barely misses you.
The worker ant bites you.
* * * LOW HITPOINT WARNING * * *
The hound skeleton barely misses you.
You hit the hound skeleton.
The hound skeleton is moderately damaged.
The worker ant misses you. The hound skeleton closely misses you.
The jelly jiggles.
The worker ant misses you. The hound skeleton bites you.
* * * LOW HITPOINT WARNING * * *
You closely miss the hound skeleton.
The hound skeleton is moderately damaged.
The worker ant bites you!
You die...

.#
##.##..............#..#
.#
...##..#.#####.....#...
.#
#..##..#.....#.....#..#
.# #..##.....##
#.....#... .# #..##...<.#
#....|#[## ## #..#......#
#.........
#..#......#####....#...
#..#...................
#...JZ@.#######.##.#.#.
#....a##########...#.#.
###....h#................
#....#.##.########.#.....
#.#........##### #.#....#
#.##...........# #.#....#
#.####.........# #.#....#
#.# #.[.......###.#....#
######
#.#####......#.......#.##


You could see a hound, a jelly, a worker ant and a hound skeleton.

Vanquished Creatures
  Menkaure (D:5)
  An ice beast (D:5)
  3 ogres
  A crimson imp (D:5)
  2 orc wizards (D:4)
  A howler monkey skeleton (D:4)
  4 adders
  2 shadow imps (D:5)
  An ooze (D:4)
  An adder skeleton (D:4)
  2 dart slugs (D:2)
  4 leopard geckos
  9 orcs
  A ball python (D:4)
  4 giant cockroaches
  11 goblins
  9 hobgoblins
  6 kobolds
  2 quokkas
  7 bats
  6 frilled lizards
  A leopard gecko zombie (D:5)
  12 rats
91 creatures vanquished.

Vanquished Creatures (others)
  A wizard (D:3)
1 creature vanquished.

Grand Total: 92 creatures vanquished

Notes
Turn   | Place    | Note
-------+----------+-------------------------------------------
     0 | D:1      | CatBiscuits the Draconian Berserker began the quest for the Orb.
     0 | D:1      | Reached XP level 1. HP: 19/19 MP: 1/1
   216 | D:1      | Reached XP level 2. HP: 25/26 MP: 2/2
  1038 | D:2      | Reached XP level 3. HP: 30/31 MP: 3/3
  1305 | D:2      | Reached ** piety under Trog
  1517 | D:2      | Noticed Robin
  1904 | D:3      | Found a bloodstained altar of Trog.
  1906 | D:3      | Noticed a wizard
  1910 | D:3      | Killed a wizard
  2057 | D:3      | Reached XP level 4. HP: 40/40 MP: 4/4
  2066 | D:3      | Reached skill level 4 in Polearms
  2175 | D:3      | Noticed an ogre
  2191 | D:3      | Killed an ogre
  2191 | D:3      | Reached skill level 1 in Stealth
  2191 | D:3      | Reached XP level 5. HP: 25/46 MP: 5/5
  2705 | D:4      | Noticed an ogre
  2900 | D:4      | Reached skill level 5 in Polearms
  2945 | D:4      | Noticed an ogre
  3155 | D:4      | Killed an ogre
  3155 | D:4      | Reached XP level 6. HP: 53/53 MP: 6/6
  3444 | D:5      | Entered Level 5 of the Dungeon
  3777 | D:5      | Reached skill level 6 in Polearms
  3792 | D:5      | Noticed an ice beast
  3808 | D:5      | Killed an ice beast
  3808 | D:5      | Your scales start taking on a lurid green colour.
  3808 | D:5      | Reached XP level 7. HP: 34/60 MP: 7/7
  3808 | D:5      | Gained mutation: Your system is resistant to poisons. (rPois) [Green Draconian growth]
  3968 | D:5      | Noticed Menkaure
  3973 | D:5      | Killed Menkaure
  3973 | D:5      | Reached skill level 5 in Fighting
  4004 | D:5      | HP: 3/61 [hound skeleton (4)]
  4005 | D:5      | Slain by a worker ant

Skill      XL: |  1  2  3  4  5  6  7 |
---------------+----------------------+-----
Dodging        | 3 4 |  4.3
Polearms       | 4 5 6 |  6.6
Fighting       | 4 5 |  5.1
Stealth        | 1 2 |  2.1

Action                   |  1- 3 |  4- 6 |  7- 9 || total
-------------------------+-------+-------+-------++-------
Melee: Spear             |   164 |    36 |       ||   200
       Tailslap          |    17 |    14 |     1 ||    32
       Trident           |       |    95 |     9 ||   104
Invok: Trog's Hand       |     1 |     1 |     1 ||     3
       Berserk           |       |     1 |     1 ||     2
 Stab: Sleeping          |     2 |     1 |       ||     3
  Eat: Ration            |     1 |     3 |     1 ||     5
       Chunk             |     1 |       |       ||     1
Armor: Skin              |    48 |    43 |     1 ||    92
Dodge: Dodged            |   121 |    73 |    16 ||   210
